 Dungeon Crawl Stone Soup version 0.16.1-18-g436b03c (webtiles) character file.

7110 theElss the Basher (level 11, -1/69 HPs)
             Began as a Gargoyle Berserker on May 12, 2015.
             Was a High Priest of Trog.
             Shot with a bolt by an orc warrior (13 damage)
             ... in a bailey.
             The game lasted 00:28:22 (9595 turns).

theElss the Basher (Gargoyle Berserker)             Turns: 9595, Time: 00:28:22

Health: -1/69      AC: 26    Str: 23    XL:     11   Next: 10%
Magic:  11/11      EV: 10    Int:  8    God:    Trog [*****.]
Gold:   503        SH:  0    Dex: 10    Spells: 0 memorised, 10 levels left

rFire  + . .     SeeInvis .     S - +0 dire flail
rCold  . . .     Clarity  .     o - +0 chain mail
rNeg   + + .     SustAb   .     (no shield)
rPois  ∞         Gourm    .     J - +0 helmet
rElec  +         Spirit   .     P - +2 cloak
rCorr  +         Warding  .     h - +0 pair of gloves
rMut   .         Stasis   .     v - +0 pair of boots
MR     ++...                    x - amulet of resist corrosion
Stlth  ..........               n - ring of positive energy
                                t - ring of protection from fire

@: regenerating, very resistant to hostile enchantments, extremely unstealthy
A: negative energy resistance 1, electricity resistance, unbreathing,
petrification resistance, rot immunity, AC +7
a: Burn Spellbooks, Berserk, Trog's Hand, Brothers in Arms, Renounce Religion


You were in a bailey.
You worshipped Trog.
Trog was extremely pleased with you.
You were not hungry.

You visited 2 branches of the dungeon, and saw 13 of its levels.
You also visited: Bailey.

You collected 503 gold pieces.

Inventory:

Hand weapons
 z - a +0 morningstar
 R - the +0 dagger of the Philosopher {freeze, rF- rN+ Str+2 Int+6, unknown}
   (You found it on level 8 of the Dungeon)

   It has been specially enchanted to freeze those struck by it, causing extra
   injury to most foes and up to half again as much damage against particularly
   susceptible opponents.
   It can also slow down cold-blooded creatures.
   It affects your strength (+2).
   It affects your intelligence (+6).
   It makes you vulnerable to fire.
   It protects you from negative energy.
 S - a +0 dire flail (weapon)
Armour
 h - a +0 pair of gloves (worn)
 o - a +0 chain mail (worn)
 q - a +0 cloak
 v - a +0 pair of boots (worn)
 J - a +0 helmet (worn)
 P - a +2 cloak (worn)
Jewellery
 g - an uncursed ring of teleportation
 n - a ring of positive energy (right hand)
 t - a ring of protection from fire (left hand)
 x - an amulet of resist corrosion (around neck)
 H - an uncursed ring of invisibility
 N - an uncursed ring of protection from fire
Magical devices
 a - a wand of polymorph (13)
 C - a wand of magic darts (14)
 F - a wand of flame (6)
 K - a wand of digging (10)
Scrolls
 d - 5 scrolls of magic mapping
 m - a scroll of fog
 p - 7 scrolls of remove curse
 u - a scroll of recharging
 y - 4 scrolls of teleportation
 A - a scroll of enchant armour
 E - a scroll of fear
 Q - a scroll of identify
Potions
 b - 3 potions of berserk rage {unknown}
 e - 2 potions of restore abilities
 f - a potion of agility {unknown}
 i - 3 potions of curing {unknown}
 j - 2 potions of resistance {unknown}
 r - a potion of haste {unknown}
 w - a potion of poison {unknown}
 G - a potion of lignification {unknown}
 I - a potion of flight {unknown}
 L - 2 potions of invisibility
 M - a potion of cancellation {unknown}
Books
 D - a book of Death

   Spells                             Type                      Level
   a - Corpse Rot                     Necromancy                   2
   b - Sublimation of Blood           Necromancy                   2
   c - Agony                          Necromancy                   5
   d - Dispel Undead                  Necromancy                   5
   e - Excruciating Wounds            Charms/Necromancy            5
   f - Bolt of Draining               Conjuration/Necromancy       5
   Trog disapproves of the use of such an item.
Comestibles
 c - 5 bread rations
 k - a meat ration
 l - 9 fruits
 s - 2 royal jellies


   Skills:
 + Level 8.8 Fighting
 * Level 11.0 Maces & Flails
 + Level 8.5 Armour
 + Level 6.4 Dodging


You had 10 spell levels left.
You didn't know any spells.

Dungeon Overview and Level Annotations

Branches:
Dungeon (13/15)            Temple (1/1) D:4
   Lair: D:8-11         Orc: D:9-12      Vaults: D:13-14

Altars:
Ashenzari
Cheibriados
Dithmenos
Elyvilon
Fedhas
Gozag
Kikubaaqudgha
Makhleb
Nemelex Xobeh
Okawaru
Qazlal
Ru
Sif Muna
Trog
Vehumet
Xom
Yredelemnul
Zin
The Shining One

Shops:
D:4 :   D:5 (   D:6 }   D:7 (

Annotations:
D:5 1 runed door


Innate Abilities, Weirdness & Mutations

You are resistant to torment.
You are immune to poison.
Your stone body is very resilient (AC +7).
You resist negative energy.
You are resistant to electric shocks.
You can survive without breathing.
You are immune to petrification.
You are immune to rotting.


Message History

The orc shouts!
The orc warrior shoots a bolt.
The bolt hits you.
The orc warrior shoots a bolt.
The bolt hits you!!
The orc shoots a bolt.
The bolt barely misses you.
You see here 3 bolts.
The orc warrior shoots a bolt.
The bolt closely misses you.
The orc warrior shoots a bolt.
The bolt hits you!
You see here a bolt.
The orc warrior shoots a bolt.
The bolt hits you!!
* * * LOW HITPOINT WARNING * * *
You see here 4 bolts.
The orc warrior shoots a bolt.
The bolt misses you.
All of the chunks of flesh in your inventory have rotted away.
You see here a bolt.
Use which ability? (? or * to list)
Your skin crawls.
You feel resistant to hostile enchantments.
You feel slightly more hungry.
The orc warrior shoots a bolt.
The bolt hits you!
You die...

##≈......#
#≈≈......#
≈≈.......#
.........#
.........#
.........#
.........#
.........#
........@#
.........#
........(#
.........#
........(#
........(#
≈≈.......#
≈≈......#
#≈....oo#


You could see 2 orc warriors.

Vanquished Creatures
  An ettin (D:12)
  2 hill giants (D:12)
  A cyclops (D:12)
  A gargoyle (D:12)
  A centaur skeleton (D:12)
  A boulder beetle (D:12)
  Grinder (D:6)
  A wyvern (D:12)
  Eustachio (D:5)
  A hippogriff (D:6)
  A water moccasin (D:12)
  2 black bears
  An orc warrior (D:9)
  4 sky beasts
  3 ice beasts
  2 phantoms (D:8)
  A necrophage (D:12)
  5 ogres
  A wasp (D:7)
  Sigmund (D:6)
  Duvessa (D:5)
  2 centaurs
  3 giant frogs
  A big kobold (D:9)
  A giant frog (shapeshifter) (D:12)
  3 scorpions
  4 killer bees (D:12)
  An electric eel (D:9)
  Dowan (D:5)
  2 crimson imps
  2 quasits
  A centaur zombie (D:6)
  4 orc wizards
  Crazy Yiuf (D:2)
  A giant frog skeleton (D:7)
  An orc priest (D:9)
  4 worker ants
  Natasha (twice) (D:3)
  4 iguanas
  3 hounds
  Jessica (D:3)
  A hound zombie (D:7)
  A hound skeleton (D:6)
  6 adders
  2 giant mites
  A white imp (D:9)
  A worm (D:4)
  An adder skeleton (D:5)
  3 oozes
  19 orcs
  A bat skeleton (D:6)
  16 goblins
  10 hobgoblins
  6 jackals (D:6)
  14 kobolds
  3 quokkas
  3 ball pythons
  10 bats
  5 giant cockroaches
  6 giant geckos
  4 giant newts
  2 quokka skeletons
  16 rats
  3 ballistomycetes (D:5)
209 creatures vanquished.

Vanquished Creatures (others)
  A giant spore (D:5)
1 creature vanquished.

Grand Total: 210 creatures vanquished

Notes
Turn   | Place    | Note
--------------------------------------------------------------
     0 | D:1      | theElss, the Gargoyle Berserker, began the quest for the Orb.
     0 | D:1      | Reached XP level 1. HP: 14/14 MP: 1/1
     2 | D:1      | Noticed a human
     4 | D:1      | Noticed an ogre
     4 | D:1      | Noticed a vampire
     6 | D:1      | Noticed a centaur
     8 | D:1      | Noticed a naga
    10 | D:1      | Noticed a minotaur
    10 | D:1      | Noticed an octopode
    12 | D:1      | Noticed a draconian
    12 | D:1      | Noticed a troll
    14 | D:1      | Noticed a vine stalker
    14 | D:1      | Noticed a demigod
    16 | D:1      | Noticed a spriggan
    18 | D:1      | Noticed a ghoul
    18 | D:1      | Noticed a tengu
    20 | D:1      | Noticed a felid
    22 | D:1      | Noticed a formicid
    22 | D:1      | Noticed a gargoyle
    24 | D:1      | Noticed a demonspawn
    24 | D:1      | Noticed a merfolk
    26 | D:1      | Noticed a dwarf
    26 | D:1      | Noticed an elf
   173 | D:1      | Reached XP level 2. HP: 19/19 MP: 2/2
   495 | D:1      | Reached XP level 3. HP: 23/23 MP: 3/3
   497 | D:1      | Acquired Trog's second power
  1790 | D:2      | Reached XP level 4. HP: 26/29 MP: 4/4
  1921 | D:2      | Noticed Crazy Yiuf
  1930 | D:2      | Killed Crazy Yiuf
  1930 | D:2      | Reached skill level 4 in Maces & Flails
  2144 | D:3      | Found a shattered altar of Ashenzari.
  2154 | D:3      | Noticed Jessica
  2173 | D:3      | Killed Jessica
  2173 | D:3      | Reached XP level 5. HP: 26/33 MP: 5/5
  2185 | D:3      | Noticed Natasha
  2185 | D:3      | Found an opulent altar of Gozag.
  2202 | D:3      | Killed Natasha
  2530 | D:3      | Noticed Natasha
  2536 | D:3      | Killed Natasha
  3032 | D:3      | Reached XP level 6. HP: 38/38 MP: 6/6
  3196 | D:4      | Found an ancient bone altar of Kikubaaqudgha.
  3197 | D:4      | Found a staircase to the Ecumenical Temple.
  3204 | Temple   | Entered the Ecumenical Temple
  3478 | D:4      | Reached skill level 5 in Maces & Flails
  3640 | D:4      | Found Twabant's Book Emporium.
  3768 | D:4      | Found a radiant altar of Vehumet.
  4125 | D:4      | Reached XP level 7. HP: 44/44 MP: 7/7
  4235 | D:5      | Entered Level 5 of the Dungeon
  4533 | D:5      | Noticed Eustachio
  4564 | D:5      | Killed Eustachio
  4564 | D:5      | Reached skill level 5 in Fighting
  4564 | D:5      | Reached skill level 6 in Maces & Flails
  4817 | D:5      | Acquired Trog's third power
  4907 | D:5      | Reached XP level 8. HP: 45/49 MP: 8/8
  5041 | D:5      | Found Phosh's Weapon Boutique.
  5058 | D:5      | Found a glowing golden altar of the Shining One.
  5105 | D:5      | Found a glowing silver altar of Zin.
  5108 | D:5      | Found a runed door.
  5108 | D:5      | Noticed an angel
  5193 | D:5      | Found a glowing silver altar of Zin.
  5253 | D:5      | Found a shimmering altar of Xom.
  5337 | D:5      | Noticed Dowan
  5339 | D:5      | Noticed Duvessa
  5352 | D:5      | Killed Duvessa
  5373 | D:5      | Killed Dowan
  5529 | D:5      | Found a sparkling altar of Nemelex Xobeh.
  5802 | D:6      | Reached skill level 5 in Armour
  6059 | D:6      | Found Ucweuska's Quality Used Wands.
  6220 | D:6      | Noticed Grinder
  6221 | D:6      | Paralysed by Grinder for 6 turns
  6232 | D:6      | Killed Grinder
  6232 | D:6      | Reached skill level 7 in Maces & Flails
  6515 | D:6      | Noticed Sigmund
  6527 | D:6      | Killed Sigmund
  6871 | D:7      | Found Ghapnud's Weapon Emporium.
  6884 | D:7      | Reached XP level 9. HP: 53/56 MP: 9/9
  6906 | D:7      | Found a deep blue altar of Sif Muna.
  6906 | D:7      | Found a snail-covered altar of Cheibriados.
  6909 | D:7      | Found a blossoming altar of Fedhas.
  6959 | D:7      | Reached skill level 8 in Maces & Flails
  7605 | D:8      | Reached skill level 5 in Dodging
  7630 | D:8      | Got a steaming dagger
  7822 | D:8      | Reached skill level 9 in Maces & Flails
  7916 | D:8      | Found a deep blue altar of Sif Muna.
  8173 | D:9      | Reached XP level 10. HP: 61/63 MP: 10/10
  8437 | D:9      | Found a shimmering altar of Xom.
  8437 | D:9      | Found a shimmering altar of Xom.
  8437 | D:9      | Found a shimmering altar of Xom.
  8437 | D:9      | Found a shimmering altar of Xom.
  8438 | D:9      | Found a shimmering altar of Xom.
  8472 | D:9      | You fall through a shaft for 3 floors!
  8566 | D:12     | HP: 1/96 [boulder beetle (23)]
  8893 | D:12     | Noticed a hill giant
  8901 | D:12     | Killed a hill giant
  8901 | D:12     | Reached skill level 10 in Maces & Flails
  8915 | D:12     | Noticed an ettin
  8923 | D:12     | HP: 2/96 [ettin/dire flail (20)]
  8925 | D:12     | Killed an ettin
  9381 | D:12     | Noticed a cyclops
  9388 | D:12     | Killed a cyclops
  9473 | D:12     | Noticed a hill giant
  9485 | D:12     | Killed a hill giant
  9485 | D:12     | Reached skill level 11 in Maces & Flails
  9485 | D:12     | Reached XP level 11. HP: 69/69 MP: 11/11
  9554 | D:11     | Found a flagged portal.
  9560 | Bailey   | Entered a bailey
  9595 | Bailey   | Shot with a bolt by an orc warrior

Action                   |  1- 3 |  4- 6 |  7- 9 | 10-12 || total
-------------------------+-------+-------+-------+-------++-------
Melee: Mace              |   131 |   176 |       |       ||   307
       Morningstar       |       |    19 |   386 |    36 ||   441
       Flail             |       |       |     5 |       ||     5
       Dire flail        |       |       |       |   152 ||   152
Invok: Berserk           |       |     2 |     2 |     4 ||     8
       Trog's Hand       |       |     1 |       |     1 ||     2
  Use: Scroll            |     7 |     2 |     4 |     1 ||    14
  Eat: Chunk             |     3 |     9 |    11 |     4 ||    27
       Meat ration       |       |       |     1 |     1 ||     2
